 Dungeon Crawl Stone Soup version 0.28.0-43-g3370ac3207 (webtiles) character file.

Game seed: 17617196825573275307

16964 Peloso the Carver (level 12, 0/105 HPs)
             Began as a Minotaur Fighter on Mar 14, 2022.
             Was a High Priest of Okawaru.
             Killed from afar by a rime drake (21 damage)
             ... with a flash freeze
             ... in an ice cave.
             The game lasted 00:25:24 (12321 turns).

Peloso the Carver (Minotaur Fighter)               Turns: 12321, Time: 00:25:25

Health: 0/105      AC: 23    Str: 31    XL:     12   Next: 14%
Magic:  11/11      EV:  7    Int:  5    God:    Okawaru [*****.]
Gold:   1054       SH: 17    Dex: 11    Spells: 11/11 levels left

rFire   . . .      SeeInvis .   a - +4 scimitar (flame)
rCold   + . .      Faith    .   c - +0 tower shield
rNeg    . . .      Spirit   .   U - +4 plate armour
rPois   .          Reflect  .   S - +2 hat
rElec   .          Harm     .   e - +0 cloak
rCorr   .          Rampage  .   o - +0 pair of gloves
Will    .....                   (no boots)
Stlth   ..........              (no amulet)
HPRegen 0.27/turn               z - ring of protection from cold
MPRegen 0.12/turn               h - +6 ring of strength

@: no status effects
A: horns 2, retaliatory headbutt
a: Renounce Religion, Heroism, Finesse, Duel


You were in an ice cave.
You worshipped Okawaru.
Okawaru was extremely pleased with you.
You visited 3 branches of the dungeon, and saw 13 of its levels.
You also visited: Ice Cave.

You collected 1054 gold pieces.

Inventory:

Hand Weapons
 a - a +4 scimitar of flaming (weapon)
 b - a +3 scimitar
Armour
 c - a +0 tower shield (worn)
 e - a +0 cloak (worn)
 o - a +0 pair of gloves (worn)
 S - a +2 hat (worn)
 U - a +4 plate armour (worn)
Jewellery
 h - a +6 ring of strength (right hand)
 j - a +4 ring of protection
 u - a ring of willpower
 z - a ring of protection from cold (left hand)
 C - a ring of magical power
 H - an amulet of guardian spirit
 I - a +6 ring of intelligence
 T - a +4 ring of evasion
 W - a ring of positive energy
 X - a ring of poison resistance
Wands
 t - a wand of paralysis (5)
 B - a wand of mindburst (19)
 J - a wand of flame (20)
 K - a wand of digging (6)
 Q - a wand of polymorph (2)
 R - a wand of iceblast (1)
Scrolls
 k - 3 scrolls of magic mapping
 p - 3 scrolls of fog
 q - a scroll of amnesia
 r - 3 scrolls of enchant armour
 y - a scroll of acquirement
 A - 2 scrolls of immolation {unknown}
 D - a scroll of vulnerability {unknown}
 E - a scroll of noise {unknown}
 G - a scroll of fear {unknown}
 L - 4 scrolls of blinking
 M - a scroll of teleportation
 N - a scroll of summoning {unknown}
 V - a scroll of silence {unknown}
Potions
 d - a potion of might
 f - 3 potions of resistance
 g - 3 potions of brilliance
 i - 5 potions of curing
 l - 2 potions of heal wounds
 m - 4 potions of mutation
 s - 3 potions of magic
 v - 2 potions of berserk rage {unknown}
 w - a potion of lignification {unknown}
 x - a potion of haste {unknown}
 F - 2 potions of flight
 O - 2 potions of attraction {unknown}


   Skills:
 + Level 9.6 Fighting
 + Level 14.2 Long Blades
 + Level 10.6 Armour
 + Level 2.4 Dodging
 + Level 0.6 Stealth
 + Level 14.1 Shields
 + Level 0.4 Invocations
 + Level 0.2 Evocations


You had 11 spell levels left.
You didn't know any spells.
Your spell library contained the following spells:

 Spells                   Type           Power      Damage    Failure   Level
 Apportation              Tloc           0%         N/A       100%        1
 Corpse Rot               Necr/Air       0%         N/A       100%        2
 Ensorcelled Hibernation  Hex/Ice        0%         N/A       100%        2
 Poisonous Vapours        Pois/Air       0%         N/A       100%        2
 Wereblood                Tmut           0%         N/A       100%        2
 Conjure Flame            Conj/Fire      0%         6-21      100%        3
 Ignite Poison            Fire/Tmut/Pois 0%         N/A       100%        3
 Ozocubu's Armour         Ice            0%         N/A       100%        3
 Spider Form              Tmut/Pois      0%         N/A       100%        3
 Anguish                  Hex/Necr       0%         N/A       100%        4
 Fulminant Prism          Conj/Hex       0%         3d6       100%        4
 Iskenderun's Mystic Bla  Conj/Tloc      0%         2d3       100%        4
 Sticky Flame             Conj/Fire      0%         2d3       100%        4
 Alistair's Intoxication  Tmut/Pois      0%         N/A       100%        5
 Lee's Rapid Deconstruct  Erth           0%         3d5*      100%        5
 Metabolic Englaciation   Hex/Ice        0%         N/A       100%        5
 Yara's Violent Unravell  Hex/Tmut       0%         3d3       100%        5
 Statue Form              Tmut/Erth      0%         N/A       100%        6
 Simulacrum               Ice/Necr       Unusable   N/A       N/A         6

Dungeon Overview and Level Annotations

Branches:
Dungeon (11/15)            Temple (1/1) D:6            Lair (1/6) D:8
  IceCv (1/1)
    Orc: D:9-12

Altars:
Ashenzari
Dithmenos
Elyvilon
Fedhas
Hepliaklqana
Okawaru
Sif Muna
Trog
Vehumet
Wu Jian
Yredelemnul
The Shining One

Shops:
D:7 ([([

Annotations:
D:11 exclusion: ice statue


Innate Abilities, Weirdness & Mutations

You have a pair of horns on your head.
You reflexively headbutt those who attack you in melee.


Message History

You slash the death yak! You burn the death yak.
You headbutt the death yak, but do no damage.
The death yak is heavily wounded.
The rime drake bites you but does no damage. x2
You block the death yak's attack.
You hit the death yak. You burn the death yak.
You headbutt the death yak, but do no damage.
The death yak is heavily wounded.
You block the rime drake's attack. x2; You block the death yak's attack.
Unknown command.
You hit the death yak. You burn the death yak.
Your headbutt misses the death yak.
The death yak is severely wounded.
The ice encasing you melts away. You block the rime drake's attack.
The rime drake bites you but does no damage.
The death yak gores you!
* * * LOW HITPOINT WARNING * * *
You hit the death yak but do no damage. You headbutt the death yak.
The death yak is severely wounded.
You block the rime drake's attack. x2
Unknown command.
You slash the death yak! You burn the death yak.
The death yak is almost dead.
The death yak gores you but does no damage.
The rime drake bites you but does no damage. x2
Unknown command.
You slash the death yak! You burn the death yak. You headbutt the death yak.
The death yak is almost dead.
The rime drake barely misses you. You furiously retaliate!
You headbutt the rime drake!
You kill the rime drake!
Okawaru accepts your kill. The rime drake barely misses you.
You block the death yak's attack.
You barely miss the death yak.
You headbutt the death yak, but do no damage.
The death yak is almost dead.
The rime drake breathes ice at you. The flash freeze hits you!!
You partially resist.
You die...

...#..
.....
.... ...
#.. #..##
#.Y##
##k.#
##@Y.#
##...##
#...##
#...##
##...#
##...##
##÷....##
#.†.∩...#
#.†.....#


You could see a death yak, a yak and a rime drake (catching breath).

Vanquished Creatures
  Gastronok (D:10)
  A hydra (D:11)
  2 two-headed ogres
  Urug (D:11)
  Nergalle (D:10)
  An ugly thing (D:11)
  A cyclops (D:11)
  A manticore (D:10)
  3 centaur zombies
  A cane toad (Lair:1)
  Psyche (D:11)
  An efreet (D:10)
  A komodo dragon (D:11)
  A rime drake (IceCv)
  A troll (D:10)
  3 hornets
  Grinder (D:5)
  2 polar bears (IceCv)
  A raiju (shapeshifter) (D:10)
  3 meliai zombies
  A shadow (D:11)
  2 wyverns
  A vampire (D:10)
  18 yaks
  A wraith (D:11)
  A steam dragon (D:9)
  A vampire mosquito (D:10)
  Edmund (D:5)
  An acid dragon (D:11)
  3 water moccasins
  6 orc warriors
  A black bear (D:4)
  2 ogres (D:5)
  3 wolves (IceCv)
  3 centaurs
  2 phantoms
  3 kobold brigands
  3 gnoll sergeants
  4 scorpions
  5 wights (D:7)
  5 killer bees
  A howler monkey (D:7)
  An electric eel (D:7)
  A bullfrog zombie (D:6)
  A gnoll shaman (D:7)
  4 orc priests
  10 hounds
  2 bullfrog skeletons
  A centaur skeleton (D:7)
  An iguana (D:5)
  16 orc wizards
  A wolf simulacrum (Lair:1)
  A killer bee zombie (D:8)
  2 howler monkey zombies
  23 gnolls (D:7)
  A howler monkey skeleton (D:6)
  6 adders
  A white imp (D:7)
  A worm (D:5)
  3 dart slugs
  26 orcs
  6 endoplasms
  2 giant cockroaches
  6 goblins
  9 hobgoblins
  9 jackals
  6 quokkas
  10 ball pythons
  5 bats
  2 frilled lizards (D:1)
  23 kobolds
  6 rats
282 creatures vanquished.

Vanquished Creatures (others)
  A plant (Lair:1)
1 creature vanquished.

Grand Total: 283 creatures vanquished

Notes
Turn   | Place    | Note
-------+----------+-------------------------------------------
     0 | D:1      | Peloso the Minotaur Fighter began the quest for the Orb.
     0 | D:1      | Reached XP level 1. HP: 19/19 MP: 0/0
   219 | D:1      | Reached XP level 2. HP: 26/27 MP: 1/1
   880 | D:2      | Reached XP level 3. HP: 34/34 MP: 2/2
   975 | D:2      | Found a broken altar of Ashenzari.
  1456 | D:3      | Reached XP level 4. HP: 41/41 MP: 3/3
  1837 | D:3      | Reached XP level 5. HP: 37/47 MP: 4/4
  1977 | D:3      | Found a broken altar of Ashenzari.
  2018 | D:3      | Reached skill level 5 in Long Blades
  2018 | D:3      | Reached skill level 1 in Dodging
  2835 | D:4      | Noticed a phantom
  2853 | D:4      | Killed a phantom
  2854 | D:4      | Reached skill level 5 in Armour
  2854 | D:4      | Reached XP level 6. HP: 51/55 MP: 5/5
  2935 | D:4      | Reached skill level 5 in Fighting
  3129 | D:4      | Reached XP level 7. HP: 59/61 MP: 6/6
  3356 | D:4      | Reached skill level 5 in Shields
  3781 | D:5      | Entered Level 5 of the Dungeon
  3781 | D:5      | Noticed Grinder
  3793 | D:5      | Paralysed by Grinder for 4 turns
  3798 | D:5      | Paralysed by Grinder for 2 turns
  3804 | D:5      | Killed Grinder
  4009 | D:5      | Noticed Edmund
  4022 | D:5      | Killed Edmund
  4023 | D:5      | Reached XP level 8. HP: 61/69 MP: 7/7
  4807 | D:6      | Found a staircase to the Ecumenical Temple.
  4815 | Temple   | Entered the Ecumenical Temple
  4836 | Temple   | Became a worshipper of Warmaster Okawaru
  5232 | D:6      | Reached XP level 9. HP: 52/75 MP: 8/8
  5760 | D:7      | Found Myrpheis's Antique Weapon Shop.
  5785 | D:6      | Reached skill level 10 in Long Blades
  5845 | D:6      | Reached * piety under Okawaru
  5961 | D:7      | Found Kaycae's Antique Weapon Emporium.
  5964 | D:7      | Noticed a two-headed ogre
  5996 | D:7      | Killed a two-headed ogre
  5996 | D:7      | Reached ** piety under Okawaru
  6516 | D:8      | Reached XP level 10. HP: 76/84 MP: 9/9
  6659 | D:8      | Found a bloodstained altar of Trog.
  6706 | D:8      | Found a shadowy altar of Dithmenos.
  6724 | D:8      | Reached skill level 10 in Shields
  6993 | D:8      | Found a staircase to the Lair.
  7218 | D:8      | Identified the +11 battleaxe "Killer Klown's Doom" {freeze,
                  | Str+3 Int+4}
  7728 | D:7      | Found Xics's Antique Armour Shop.
  7780 | D:7      | Reached *** piety under Okawaru
  7887 | D:7      | Found Amusofeu's Antique Armour Emporium.
  8013 | D:7      | Found a radiant altar of Vehumet.
  8659 | D:9      | Got the Collected Works on Changing
  9140 | D:9      | Reached **** piety under Okawaru
  9370 | D:10     | Entered Level 10 of the Dungeon
  9384 | D:10     | Noticed Nergalle
  9412 | D:10     | Killed Nergalle
  9976 | D:10     | Noticed Gastronok
  9991 | D:10     | Killed Gastronok
  9991 | D:10     | Reached ***** piety under Okawaru
  9992 | D:10     | Reached XP level 11. HP: 63/94 MP: 8/10
 10141 | D:10     | Noticed a two-headed ogre
 10144 | D:10     | Killed a two-headed ogre
 10532 | D:11     | Noticed a four-headed hydra
 10532 | D:11     | Found a blossoming altar of Fedhas.
 10716 | D:10     | HP: 3/95 [something (13)]
 11008 | D:10     | Reached skill level 10 in Armour
 11186 | D:11     | Noticed a red ugly thing
 11189 | D:11     | Identified the +4 chain mail "Pauddig" {rN++ Str-3 Int+8
                  | Stlth+} (Okawaru gifted it to you on level 11 of the
                  | Dungeon)
 11189 | D:11     | Received a gift from Okawaru
 11212 | D:11     | Killed a red ugly thing
 11469 | D:11     | Noticed Urug
 11475 | D:11     | Killed a one-headed hydra
 11486 | D:11     | Killed Urug
 11590 | D:11     | Noticed Psyche
 11593 | D:11     | Killed Psyche
 11632 | D:11     | Reached XP level 12. HP: 82/105 MP: 11/11
 12028 | Lair:1   | Entered Level 1 of the Lair of Beasts
 12039 | Lair:1   | Identified a scroll of acquirement
 12071 | Lair:1   | Found a frozen archway.
 12090 | IceCv    | Entered an ice cave
 12300 | IceCv    | Noticed a death yak
 12321 | IceCv    | Killed from afar by a rime drake

Illustrated notes

Levels and vault maps discovered:
D:1:      onia_arrival_pyramid, layout_rooms, due_unseen_surprise
D:2:      layout_basic, basic_altar, serial_curves, eino_curves_04,
          eino_curves_03
D:3:      layout_loops_corners, ashenzari_altar_1, minmay_ruptured
D:4:      black_bear_nest_2, layout_basic, feat_on_display
D:5:      layout_loops_cross, grunt_decor_resistance, roderic_malta_cross,
          uniq_grinder, uniq_edmund
D:6:      minmay_flawed_box, layout_gridville, minmay_temple_entry_hall,
          amcnicky_mini_rare_corridor_liquid
D:7:      layout_cave_pools, nicolae_vehumet_altar_sigil, serial_shops,
          nicolae_shop_overgrown_old_shop, nicolae_stop_n_shop_1,
          nicolae_shop_overgrown_old_shop, serial_gnoll_camp,
          gnoll_camp_mini_doghouse, gnoll_camp_mini_loothouse,
          gnoll_camp_huts_moat, gnoll_camp_mini_shop
D:8:      layout_basic, mainiacjoe_overflow_catwalk_spiral, lair_entry_dummy
D:9:      layout_loops_ring, roderic_lattice_a, uniq_maurice
D:10:     layout_small_grid, evilmike_minifort, uniq_gastronok, uniq_nergalle
D:11:     cheibrodos_frozen_isle, layout_rooms, grunt_ministairs_7,
          fedhas_altar_2, uniq_psyche, uniq_urug
Temple:   mainiacjoe_temple_coin_purse
Lair:1:   dpeg_oklob_gauntlet, layout_chaotic_city, basic_altar,
          portal_ice_cave_entry_ice_simulacra, uniq_harold
IceCv:    ice_cave_small_giant

Skill      XL: |  1  2  3  4  5  6  7  8  9 10 11 12 |
---------------+-------------------------------------+-----
Fighting       | 4 5 6 8 9 |  9.6
Armour         | 4 5 6 7 8 9 10 | 10.6
Long Blades    | 3 4 5 6 8 9 11 12 14 | 14.2
Shields        | 4 5 7 9 12 13 14 | 14.1
Dodging        | 1 2 |  2.4
Stealth        | |  0.6
Invocations    | |  0.4
Evocations     | |  0.2

Action                   |  1- 3 |  4- 6 |  7- 9 | 10-12 || total
-------------------------+-------+-------+-------+-------++-------
Melee: Long sword        |    89 |   130 |   264 |    56 ||   539
       Headbutt          |     6 |    20 |    56 |    92 ||   174
       Scimitar          |       |       |       |   377 ||   377
Invok: Heroism           |       |       |     1 |     6 ||     7
Evoke: Wand              |       |       |       |     8 ||     8
  Use: Scroll            |       |     2 |       |    14 ||    16
       Potion            |       |       |       |     3 ||     3
Armor: Scale mail        |    59 |    44 |       |       ||   103
       Plate armour      |       |    40 |   170 |   273 ||   483
Dodge: Dodged            |    55 |    29 |    42 |    91 ||   217
Block: Buckler           |    26 |    22 |       |       ||    48
       Tower shield      |       |    28 |   210 |   481 ||   719
